 Dungeon Crawl Stone Soup version 0.20.0-15-g7f486f2 (webtiles) character file.

1877 MTVSty1e the Cleaver (level 8, -1/67 (68) HPs)
             Began as a Deep Dwarf Fighter on June 9, 2017.
             Was a Follower of Makhleb.
             Slain by an orc warrior
             ... wielding a +0 mace
              (13 damage)
             ... on level 10 of the Dungeon.
             The game lasted 00:09:07 (5594 turns).

MTVSty1e the Cleaver (Deep Dwarf Fighter)           Turns: 5594, Time: 00:09:09

HP:   -1/67 (68)    AC: 10    Str: 18 (21) XL:     8   Next: 91%
MP:   3/3           EV: 12    Int:  8 (10) God:    Makhleb [*.....]
Gold: 155           SH:  0    Dex: 14 (17) Spells: 7/7 levels left

rFire    + . .     SeeInvis .   a - +1 war axe
rCold    . . .     Gourm    .   c - +0 shield
rNeg     . . .     Faith    .   z - +1 scale mail {rF+}
rPois    .         Spirit   .   (no helmet)
rElec    .         Reflect  .   C - scarf {repulsion}
rCorr    .         Harm     .   (no gloves)
MR       +....     Rnd*Tele +   e - +1 pair of boots
Stlth    ..........             (no amulet)
Regen    0.0/turn               h - ring of teleportation (curse)
MPRegen  0.1/turn               (no ring)

@: confused, agile, non-regenerating, repel missiles
A: damage resistance, heal wounds, sense surroundings 1, no regeneration
a: Heal Wounds, Renounce Religion


You were on level 10 of the Dungeon.
You worshipped Makhleb.
Makhleb was aware of your devotion.
You were not hungry.

You visited 2 branches of the dungeon, and saw 9 of its levels.

You collected 355 gold pieces.
You spent 200 gold pieces at shops.

Inventory:

Hand Weapons
 a - a +1 war axe (weapon)
 v - a +4 hand axe
Armour
 b - a +0 scale mail
 c - a +0 shield (worn)
 e - a +1 pair of boots (worn)
 z - a +1 scale mail of fire resistance (worn)
 C - a scarf of repulsion (worn)
Jewellery
 h - a cursed ring of teleportation (left hand)
 y - a +4 ring of intelligence {unknown}
Wands
 o - a wand of lightning (9/15)
 r - a wand of random effects (21/48)
 t - a wand of digging (7/24)
 x - a wand of polymorph (6/24)
Scrolls
 g - 4 scrolls of teleportation
 j - 2 scrolls of amnesia
 l - 2 scrolls of fear
 q - 2 scrolls of fog
 s - 2 scrolls of magic mapping
 u - a scroll of enchant armour
 E - a scroll of remove curse
Potions
 d - 2 potions of curing {unknown}
 k - 4 potions of cancellation
 m - 2 potions of mutation
 p - 2 potions of brilliance {unknown}
 w - a potion of magic {unknown}
 A - a potion of heal wounds {unknown}
 B - a potion of lignification {unknown}
 D - a potion of degeneration
Comestibles
 f - 5 bread rations
 n - 2 royal jellies
 F - a meat ration


   Skills:
 - Level 2.6 Fighting
 * Level 12.4 Axes
 - Level 3.2 Armour
 - Level 3.2 Shields


You had 7 spell levels left.
You didn't know any spells.

Dungeon Overview and Level Annotations

Branches:
Dungeon (7/15)             Temple (1/1) D:4

Altars:
Ashenzari
Cheibriados
Dithmenos
Fedhas
Gozag
Hepliaklqana
Kikubaaqudgha
Makhleb
Nemelex Xobeh
Okawaru
Qazlal
Ru
Sif Muna
Trog
Uskayaw
Vehumet
Xom
Zin

Shops:
D:4 [   D:6 [


Innate Abilities, Weirdness & Mutations

You are resistant to damage.
You can heal yourself by infusing magical energy.
You passively map a small area around you.
You do not regenerate.


Message History

The howler monkey hits you but does no damage.
The howler monkey barely misses you.
You hear a shout! x2; You hear a howl! x2; You hear a shout!
You hear a howl!
You hear a shout! x3
An orc warrior comes into view. It is wielding a trident.
It was a potion of ambrosia.
You are confused.
You feel invigorated.
The orc priest hits you but does no damage.
The howler monkey hoots and howls with incredible vigour!
The orc hits you but does no damage. The orc warrior closely misses you.
The howler monkey misses you.
You hear a howl!
You hear a screech!
You hear a shout!
You bump into the rock wall.
The howler monkey hits you but does no damage.
The orc priest barely misses you. The orc hits you but does no damage.
The howler monkey hits you.
* * * LOW HITPOINT WARNING * * *
The orc warrior hits you with a mace!
You die...

* , #########
, ........# *
....=...# ,,
......h.#**,
......h@# * ,
[.....ooo..#*
,
........####
, ,.......o#
.#####.O# *
*##.# , .o# *
,,..# , , ,


You could see an orc knight, 2 orc warriors, an ogre, 2 howler monkeys, an orc
priest and an orc.

Vanquished Creatures
  Sigmund (D:3)
  Eustachio (D:6)
  2 phantoms
  A necrophage (D:7)
  2 ogres (D:5)
  A centaur (D:5)
  3 bullfrogs (D:6)
  3 wights (D:6)
  A howler monkey (D:6)
  2 crimson imps
  2 bullfrog zombies
  2 orc priests
  2 orc wizards (D:4)
  2 bullfrog skeletons (D:5)
  2 iguanas (D:4)
  7 worker ants
  12 adders
  A howler monkey skeleton (D:7)
  An ooze (D:1)
  An adder zombie (D:7)
  An adder skeleton (D:7)
  2 worms (D:6)
  3 dart slugs
  4 leopard geckos
  15 orcs
  7 giant cockroaches
  7 goblins
  3 hobgoblins (D:2)
  4 jackals (D:5)
  6 kobolds
  4 quokkas
  A ball python (D:5)
  A ball python skeleton (D:4)
  7 bats
  5 frilled lizards
  A giant cockroach zombie (D:5)
  3 rats
  A butterfly (D:3)
124 creatures vanquished.

Notes
Turn   | Place    | Note
-------+----------+-------------------------------------------
     0 | D:1      | MTVSty1e the Deep Dwarf Fighter began the quest for the Orb.
     0 | D:1      | Reached XP level 1. HP: 20/20 MP: 1/1
    98 | D:1      | Reached skill level 3 in Axes
    98 | D:1      | Reached XP level 2. HP: 27/27 MP: 2/2
   563 | D:2      | Reached skill level 4 in Axes
   563 | D:2      | Reached XP level 3. HP: 29/33 MP: 3/3
   728 | D:2      | Reached XP level 4. HP: 25/40 MP: 3/3
   917 | D:2      | Reached skill level 5 in Axes
  1269 | D:3      | Found a deep blue altar of Sif Muna.
  1479 | D:3      | Found a shimmering altar of Xom.
  1556 | D:3      | Noticed Sigmund
  1570 | D:3      | Killed Sigmund
  1570 | D:3      | Reached skill level 7 in Axes
  1570 | D:3      | Reached XP level 5. HP: 29/46 MP: 3/3
  1570 | D:3      | Reached XP level 6. HP: 35/55 MP: 4/4
  2331 | D:4      | Found an ancient bone altar of Kikubaaqudgha.
  2444 | D:4      | Found a staircase to the Ecumenical Temple.
  2478 | Temple   | Entered the Ecumenical Temple
  2667 | Temple   | Became a worshipper of Makhleb the Destroyer
  3333 | D:4      | Reached skill level 8 in Axes
  3523 | D:4      | Found Tyobooje's Antique Armour Shoppe.
  3530 | D:4      | Reached XP level 7. HP: 51/61 MP: 4/4
  3626 | D:4      | Found a blossoming altar of Fedhas.
  3912 | D:5      | Entered Level 5 of the Dungeon
  3930 | D:5      | Reached skill level 9 in Axes
  4227 | D:5      | Reached skill level 10 in Axes
  4817 | D:5      | You fall through a shaft for 2 floors!
  4862 | D:6      | Reached * piety under Makhleb
  4862 | D:6      | Reached XP level 8. HP: 66/68 MP: 3/3
  5046 | D:6      | Noticed Eustachio
  5059 | D:6      | Killed Eustachio
  5059 | D:6      | Reached skill level 11 in Axes
  5243 | D:6      | Found Fapiud's Antique Armour Shop.
  5248 | D:6      | Bought a runed scarf for 200 gold pieces
  5281 | D:6      | Reached skill level 12 in Axes
  5583 | D:7      | You fall through a shaft for 3 floors!
  5583 | D:10     | Entered Level 10 of the Dungeon
  5589 | D:10     | Noticed an orc knight
  5594 | D:10     | Slain by an orc warrior

Skill      XL: |  1  2  3  4  5  6  7  8 |
---------------+-------------------------+-----
Axes           | 3 4 7 8 10 12 | 12.4
Fighting       | |  2.6
Armour         | |  3.2
Shields        | |  3.2

Action                   |  1- 3 |  4- 6 |  7- 9 || total
-------------------------+-------+-------+-------++-------
Melee: War axe           |    87 |   149 |   177 ||   413
 Abil: Heal Wounds       |     1 |     4 |     4 ||     9
  Use: Scroll            |     4 |     6 |     6 ||    16
       Potion            |       |     2 |     4 ||     6
  Eat: Chunk             |       |     2 |     3 ||     5
       Fruit             |       |     1 |       ||     1
       Meat ration       |       |     1 |       ||     1
       Bread ration      |       |       |     1 ||     1
Armor: Scale mail        |    32 |    46 |    71 ||   149
Dodge: Dodged            |    28 |    37 |    52 ||   117
Block: Shield            |    56 |    64 |    92 ||   212
